 Dungeon Crawl Stone Soup version 0.24-a0-584-g9d6b971ae4 (webtiles) character file.

Game seed: 16061501120208434795, levelgen mode: deterministic

79 Gargoyl the Skirmisher (level 4, 0/38 HPs)
             Began as a Centaur Abyssal Knight on Sept 4, 2019.
             Was a Follower of Lugonu.
             Slain by Natasha (2 damage)
             ... on level 3 of the Dungeon.
             The game lasted 00:05:56 (3010 turns).

Gargoyl the Skirmisher (Centaur Abyssal Knight)     Turns: 3010, Time: 00:05:56

Health: 0/38       AC:  9    Str: 14    XL:     4   Next: 17%
Magic:  5/5        EV:  4    Int: 11    God:    Lugonu [*.....]
Gold:   69         SH:  0    Dex: 10    Spells: 3/3 levels left

rFire    . . .     SeeInvis .   a - +1 hand axe
rCold    . . .     Gourm    .   (no shield)
rNeg     . . .     Faith    .   b - +0 chain mail
rPois    .         Spirit   .   (no helmet)
rElec    .         Reflect  .   (no cloak)
rCorr    .         Harm     .   (no gloves)
MR       .....     Clarity  +   (no barding)
Stlth    ..........             (no amulet)
HPRegen  0.12/turn              j - ring of attention
MPRegen  0.09/turn              (no ring)

@: slowed
A: large, hooves 3, yellow scales 1, blurry vision 1, clarity, deformed body,
speed 2, tough skin 3
a: Depart the Abyss, Renounce Religion


You were on level 3 of the Dungeon.
You worshipped Lugonu.
Lugonu was aware of your devotion.
You were not hungry.

You visited 1 branch of the dungeon, and saw 3 of its levels.
You visited the Abyss 1 time.

You collected 69 gold pieces.

Inventory:

Hand Weapons
 a - a +1 hand axe (weapon)
Armour
 b - a +0 chain mail (worn)
Jewellery
 j - a ring of attention (left hand)
 m - an uncursed amulet of faith {unknown}
Scrolls
 g - 2 scrolls of magic mapping
 h - a scroll of remove curse
 i - a scroll of teleportation
 k - a scroll of blinking {unknown}
Potions
 d - a potion of agility {unknown}
 e - a potion of heal wounds {unknown}
 l - a potion of curing {unknown}
 n - a potion of flight {unknown}
 o - 2 potions of brilliance {unknown}
 p - a potion of mutation
Comestibles
 c - 8 rations


   Skills:
 + Level 3.5 Fighting
 + Level 2.3 Axes
 * Level 2.1 Armour
 * Level 1.1 Dodging
 * Level 2.6 Invocations


You had 3 spell levels left.
You didn't know any spells.
Your spell library was empty.

Dungeon Overview and Level Annotations

Branches:
Dungeon (3/15)

Altars:
Sif Muna
Xom
The Shining One

Annotations:
D:3 Natasha


Innate Abilities, Weirdness & Mutations

You have hooves in place of feet.
Armour fits poorly on your strangely shaped body.
You cover ground very quickly.
You have extremely tough skin. (AC +3)
You are partially covered in yellow scales. (AC +2)
Scrolls take you a little longer to read.
You possess an exceptional clarity of mind.


Message History

The magic dart hits you but does no damage.
Your chain mail prevents you from hitting Natasha.
Natasha casts a spell at you.
You feel yourself slow down.
You hit Natasha. Your kick misses Natasha.
Natasha is moderately wounded.
Natasha claws you but does no damage. Natasha claws you.
You closely miss Natasha. You kick Natasha.
Natasha is moderately wounded.
Natasha claws you!
* * * LOW HITPOINT WARNING * * *
Natasha claws you but does no damage.
You hit Natasha.
Natasha is severely wounded.
Natasha claws you!
* * * LOW HITPOINT WARNING * * *
You miss Natasha. Your kick misses Natasha.
Natasha is severely wounded.
Natasha claws you.
You die...

..............,,,,,,,***,*,,,≈_≈≈
......÷.....##**.***,,,*,*,,≈≈≈≈,
.....#...#..####.* ***,.,,,,,≈,,,
.....#..$#..##..,* *##..,*,,,,,,,
.........#..##.#*###....*,,,,,,,,
#####.#.##...#.#*.....).,,,,,,,,,
#<.!##.#...##..#...#*********
*######....##..h.....#** *
#.......(....<..@.#************
..........).............,,,,,,*
..............#.##.....#*****,**
.................#.(##.#*****,,*
...........$.....#*.#*,.,,,,,*,*
.$....(..........#*.#****,,,,,,*
.............#####*,# *,,,,,,,*
,...........## *,* *,,,,,,,**
*,..........# *,* *,,,,,,,,*


You could see Natasha.

Vanquished Creatures
  Natasha (D:3)
  2 adders
  A worm (D:3)
  A dart slug (D:2)
  4 bats
  2 giant cockroaches
  5 goblins
  3 hobgoblins
  3 jackals (D:2)
  A quokka (D:3)
  4 frilled lizards
  6 kobolds
  A rat (D:2)
34 creatures vanquished.

Notes
Turn   | Place    | Note
-------+----------+-------------------------------------------
     0 | Abyss:1  | Gargoyl the Centaur Abyssal Knight began the quest for the
                  | Orb.
     0 | Abyss:1  | Reached XP level 1. HP: 19/19 MP: 2/2
    58 | Abyss:1  | Found a hazy altar of Hepliaklqana.
    60 | Abyss:1  | Noticed a large abomination
    64 | Abyss:1  | Gained mutation: You are partially covered in yellow
                  | scales. (AC +2) [potion of mutation]
    64 | Abyss:1  | Gained mutation: Scrolls take you a little longer to read.
                  | [potion of mutation]
    64 | Abyss:1  | Gained mutation: You possess an exceptional clarity of
                  | mind. [potion of mutation]
    65 | D:1      | Escaped the Abyss
   485 | D:1      | Reached XP level 2. HP: 14/26 MP: 3/3
  1361 | D:2      | Reached * piety under Lugonu
  1750 | D:2      | Found a shimmering altar of Xom.
  1750 | D:2      | Found a shimmering altar of Xom.
  1750 | D:2      | Found a shimmering altar of Xom.
  1750 | D:2      | Found a shimmering altar of Xom.
  1759 | D:2      | Reached XP level 3. HP: 31/31 MP: 4/4
  1797 | D:2      | Found a shimmering altar of Xom.
  2106 | D:2      | Found a glowing golden altar of the Shining One.
  2327 | D:2      | Reached skill level 1 in Dodging
  2535 | D:2      | Found a shimmering blue altar of Sif Muna.
  2753 | D:3      | Noticed Natasha
  2761 | D:3      | Killed Natasha
  2761 | D:3      | Reached XP level 4. HP: 10/38 MP: 5/5
  2998 | D:3      | Noticed Natasha
  3010 | D:3      | Slain by Natasha

Levels and vault maps discovered:
D:1:      psy_arrival_whirlpool, layout_basic
D:2:      layout_basic, tso_altar, xom_redecorated, grunt_ministairs_5,
          lemuel_blue_sif_altar
D:3:      layout_rooms, fedhas_altar_2, grunt_decor_cap, trog_wizard,
          uniq_natasha

Skill      XL: |  1  2  3 |
---------------+----------+-----
Axes           | 2 |  2.3
Dodging        | 1 |  1.1
Armour         | 2 |  2.1
Fighting       | |  3.5
Invocations    | |  2.6

Action                   |  1- 3 |  4- 6 || total
-------------------------+-------+-------++-------
Melee: Hand axe          |   102 |     8 ||   110
       Kick              |    16 |     1 ||    17
Invok: Depart the Abyss  |     1 |       ||     1
  Use: Potion            |     1 |       ||     1
       Scroll            |     6 |       ||     6
  Eat: Chunk             |     4 |     1 ||     5
Armor: Leather armour    |    27 |       ||    27
       Chain mail        |    21 |     5 ||    26
       Scale mail        |    10 |       ||    10
Dodge: Dodged            |    39 |       ||    39

Table legend:
 A = Non-vault XP
 B = Vault XP
 C = Vault XP percentage of total XP
 D = Non-vault monster count
 E = Vault monster count
 F = Vault count percentage of total count
                 A         B        C        D         E       F
            +---------+---------+-------+---------+---------+-------
      Total |      77 |      37 |  32.5 |      31 |       3 |   8.8
            +---------+---------+-------+---------+---------+-------
        D:1 |      18 |       0 |   0.0 |      12 |       0 |   0.0
        D:2 |      36 |       2 |   5.3 |      14 |       2 |  12.5
        D:3 |      23 |      35 |  60.3 |       5 |       1 |  16.7
            +---------+---------+-------+---------+---------+-------
